 Dungeon Crawl Stone Soup version 0.20.1-1-g8b1a95d (webtiles) character file.

69 Orville the Sneak (level 4, -2/18 HPs)
             Began as a Felid Venom Mage on Jan 24, 2019.
             Slain by a leopard gecko (3 damage)
             ... on level 3 of the Dungeon.
             The game lasted 00:09:22 (3625 turns).

Orville the Sneak (Felid Venom Mage)                Turns: 3625, Time: 00:09:23

Health: -2/18      AC:  1    Str:  4    XL:     4   Next: 2%
Magic:  7/8        EV: 19    Int: 16    God:
Gold:   74         SH:  0    Dex: 18    Spells: 4/7 levels left
                                        Lives:  0   Deaths: 1

rFire    . . .     SeeInvis +     - Unarmed
rCold    . . .     Gourm    .   (shield unavailable)
rNeg     . . .     Faith    .   (armour unavailable)
rPois    .         Spirit   .   (helmet unavailable)
rElec    .         Reflect  .   (cloak unavailable)
rCorr    .         Harm     .   (gloves unavailable)
MR       .....                  (boots unavailable)
Stlth    +++.......             (no amulet)
Regen    0.1/turn               (no ring)
MPRegen  0.2/turn               (no ring)

@: quick
A: no armour, no weapons or thrown items, stealth, claws 1, fangs 3, see
invisible, carnivore 3, speed 1, shaggy fur 1, slow metabolism 1, sharp paws
a: no special abilities


You were on level 3 of the Dungeon.
You were not hungry.

You visited 1 branch of the dungeon, and saw 3 of its levels.

You collected 74 gold pieces.

Inventory:

Scrolls
 c - 3 scrolls of identify {unknown}
 f - a scroll of random uselessness {unknown}
 h - 3 scrolls of fog {unknown}
 i - a scroll of immolation {unknown}
 l - a scroll of amnesia {unknown}
Potions
 d - 2 potions of degeneration {unknown}
 e - a potion of ambrosia {unknown}
 j - a potion of magic {unknown}
 k - 2 potions of mutation {unknown}
Books
 a - a Young Poisoner's Handbook

   Spells                             Type                      Level
   a - Sting                          Conjuration/Poison           1
   b - Poisonous Vapours              Poison/Air                   2
   c - Mephitic Cloud                 Conjuration/Poison/Air       3
   d - Olgreb's Toxic Radiance        Poison                       4
   e - Venom Bolt                     Conjuration/Poison           5
Comestibles
 b - 2 meat rations
 g - 3 royal jellies
 m - 2 chunks of flesh


   Skills:
 + Level 3.3 Dodging
 + Level 3.7 Stealth
 + Level 1.5 Unarmed Combat
 + Level 2.1 Spellcasting
 + Level 1.0 Conjurations
 * Level 1.9 Air Magic
 + Level 3.6 Poison Magic


You had 4 spell levels left.
You knew the following spells:

 Your Spells              Type           Power        Failure   Level  Hunger
a - Sting                 Conj/Pois      #...         8%          1    #......
b - Poisonous Vapours     Pois/Air       ##....       10%         2    ###....


Dungeon Overview and Level Annotations

Branches:
Dungeon (3/15)

Altars:
Trog

Portals:
Sewer: D:3

Annotations:
D:2 exclusion: door
D:3 Terence


Innate Abilities, Weirdness & Mutations

You cannot wear armour.
You are incapable of wielding weapons or throwing items.
Your paws allow you to move quietly. (Stealth)
You have sharp claws.
You have razor-sharp teeth.
You have supernaturally acute eyesight. (SInv)
You are carnivorous and can eat meat at any time.
You cover ground quickly.
You are covered in fur. (AC +1)
You have a slow metabolism.
Your sharp claws are effective at attacking unaware monsters.


Message History

Pain shoots through your body!
Ouch! That really hurt!
* * * LOW HITPOINT WARNING * * *
You scratch the orc priest.
The orc priest is almost dead.
The bat hits you but does no damage. The orc priest completely misses you.
The leopard gecko completely misses you.
The worm completely misses you.
You scratch the orc priest but do no damage.
The orc priest is almost dead.
The bat misses you. The leopard gecko misses you.
The orc priest closely misses you. The bat hits you.
* * * LOW HITPOINT WARNING * * *
The leopard gecko closely misses you. The worm closely misses you.
Unknown command.
You barely miss the orc priest.
The orc priest is almost dead.
The bat completely misses you. The orc priest misses you.
The leopard gecko bites you.
You die...

...##......#
.#..#......# #.#
.#....!....# #.#
.....o.†...# #.#
###.#......# #.#
....#......# #.#
###.####..####.##
###
##.###..l#######
#..##..b@ol.†.#
#.....$w#####)#
#.###########.#
#.. ≈l≈≈≈≈≈..#
#.. ≈≈l≈≈≈l..#
##. ≈≈≈≈≈≈≈.## ##
#########


You could see a worm, an orc priest, 2 leopard geckos and a bat.

Vanquished Creatures
  Crazy Yiuf (D:2)
  Robin (D:2)
  4 adders
  A worm (D:2)
  A dart slug (D:2)
  2 orcs (D:3)
  7 bats
  5 giant cockroaches
  10 goblins
  8 hobgoblins
  2 jackals (D:1)
  6 kobolds
  3 frilled lizards
  5 rats
56 creatures vanquished.

Notes
Turn   | Place    | Note
-------+----------+-------------------------------------------
     0 | D:1      | Orville the Felid Venom Mage began the quest for the Orb.
     0 | D:1      | Reached XP level 1. HP: 7/7 MP: 4/4
   945 | D:1      | Reached skill level 1 in Conjurations
   945 | D:1      | Reached XP level 2. HP: 11/11 MP: 6/6
   949 | D:1      | Learned a level 2 spell: Poisonous Vapours
  1939 | D:2      | Noticed a moth of wrath
  1941 | D:2      | Found a bloodstained altar of Trog.
  2114 | D:2      | Reached XP level 3. HP: 9/14 MP: 7/7
  2191 | D:2      | Reached skill level 1 in Air Magic
  2403 | D:2      | Reached skill level 1 in Unarmed Combat
  2569 | D:2      | Found a runed door.
  2668 | D:2      | Noticed Robin
  2675 | D:2      | Killed Robin
  2675 | D:2      | Reached XP level 4. HP: 17/18 MP: 1/8
  2970 | D:2      | Noticed Crazy Yiuf
  2977 | D:2      | Killed Crazy Yiuf
  3227 | D:3      | Noticed Terence
  3496 | D:3      | Found a glowing drain.
  3514 | D:3      | Reached XP level 5. HP: 3/21 MP: 3/9
  3579 | D:3      | Killed from afar by an orc priest
  3580 | D:3      | Reached XP level 4. HP: -9/18 MP: 1/8
  3625 | D:3      | Slain by a leopard gecko

Skill      XL: |  1  2  3 |
---------------+----------+-----
Stealth        | 3 |  3.7
Conjurations   | 1 |  1.0
Dodging        | 3 |  3.3
Poison Magic   | 3 |  3.6
Air Magic      | 1 |  1.9
Unarmed Combat | 1 |  1.5
Spellcasting   | |  2.1

Action                   |  1- 3 |  4- 6 || total
-------------------------+-------+-------++-------
Melee: Unarmed           |    85 |    50 ||   135
       Bite              |     6 |     3 ||     9
 Cast: Sting             |     8 |     3 ||    11
       Poisonous Vapours |    20 |    19 ||    39
 Stab: Sleeping          |     4 |       ||     4
  Eat: Chunk             |    10 |     5 ||    15
Armor: Skin              |    11 |    19 ||    30
Dodge: Dodged            |    70 |   115 ||   185
